 Dungeon Crawl Stone Soup version 0.21.1-1-g345015f (webtiles) character file.

54217 letownia2 the Thaumaturge (level 14, -5/111 HPs)
             Began as a Gnoll Skald on Feb 27, 2018.
             Was the Champion of Cheibriados.
             Killed from afar by a rime drake (12 damage)
             ... with a flash freeze
             ... on level 6 of the Lair of Beasts.
             The game lasted 00:57:46 (6846 turns).

letownia2 the Thaumaturge (Gnoll Skald)             Turns: 6846, Time: 00:57:47

Health: -5/111     AC: 18    Str: 30    XL:     14   Next: 71%
Magic:  0/28       EV: 17    Int: 35    God:    Cheibriados [******]
Gold:   1318       SH:  0    Dex: 30    Spells: 11/34 levels left

rFire    . . .     SeeInvis .   a - +2 war axe (venom)
rCold    . . .     Gourm    .   (no shield)
rNeg     + . .     Faith    +   C - +2 plate armour {rPois}
rPois    +         Spirit   +   L - +1 helmet
rElec    .         Reflect  .   U - scarf {Spirit}
rCorr    .         Harm     .   (no gloves)
MR       +....                  (no boots)
Stlth    +.........             K - amulet of faith
HPRegen  0.28/turn              x - ring of positive energy
MPRegen  0.21/turn              E - +3 ring of intelligence

@: very slow
A: distributed training, fangs 1, dopey 1, screaming 1, strong nose
a: Bend Time, Temporal Distortion, Slouch, Step From Time, Renounce Religion


You were on level 6 of the Lair of Beasts.
You worshipped Cheibriados.
Cheibriados was exalted by your worship.
You were not hungry.

You visited 4 branches of the dungeon, and saw 21 of its levels.
You also visited: Bailey.

You collected 1423 gold pieces.
You spent 105 gold pieces at shops.

Inventory:

Hand Weapons
 a - a +2 war axe of venom (weapon)
 b - a +3 scimitar of flaming
 h - a +0 arbalest
 R - the +1 hand axe of Bibruphi {antimagic, rElec Dex+5}
   (You found it on level 8 of the Dungeon)

   It reduces the magical energy of the wielder, and disrupts the spells and
   magical abilities of those hit.
   Natural abilities and divine invocations are not affected.
   It affects your dexterity (+5).
   It insulates you from electricity.
Missiles
 c - 11 tomahawks of returning
 f - 87 bolts
 s - 29 tomahawks
 Z - 5 javelins (quivered)
Armour
 C - a +2 plate armour of poison resistance (worn)
 L - a +1 helmet (worn)
 O - the +5 ring mail of the Dungeon {rC+ Int+4}
   (You found it on level 12 of the Dungeon)

   It affects your intelligence (+4).
   It protects you from cold.
 U - a scarf of spirit shield (worn)
Magical Staves
 o - an uncursed staff of wizardry
 I - an uncursed staff of death
 Y - an uncursed staff of cold
Jewellery
 d - an uncursed ring of see invisible
 x - a ring of positive energy (left hand)
 E - a +3 ring of intelligence (right hand)
 F - an uncursed ring of flight
 K - an amulet of faith (around neck)
Wands
 e - a wand of disintegration (1)
 M - a wand of clouds (1)
 N - a wand of flame (11)
 Q - a wand of acid (28)
Scrolls
 k - 2 scrolls of enchant armour
 l - 8 scrolls of remove curse
 n - 9 scrolls of teleportation
 t - 2 scrolls of immolation
 u - a scroll of brand weapon
 y - a scroll of amnesia
 G - 2 scrolls of torment
 J - a scroll of blinking
 P - 2 scrolls of summoning
 V - 2 scrolls of enchant weapon
Potions
 g - a potion of haste
 i - 2 potions of brilliance
 j - 4 potions of heal wounds
 p - a potion of cancellation
 q - 2 potions of flight
 r - 4 potions of curing
 w - 3 potions of berserk rage
 z - 3 potions of lignification {unknown}
 A - a potion of magic
 B - 3 potions of might
 H - a potion of agility
 S - a potion of mutation
 W - 4 potions of resistance {unknown}
Books
 m - a book of Transfigurations

   Spells                             Type                      Level
   a - Irradiate                      Conjuration/Transmutation    5
   b - Statue Form                    Transmutation/Earth          6
   c - Hydra Form                     Transmutation                6
   d - Dragon Form                    Transmutation                7
 T - the Incunabulum of Summoning
   (You found it on level 10 of the Dungeon)

   Spells                             Type                      Level
   a - Aura of Abjuration             Summoning                    5
   b - Shadow Creatures               Summoning                    6
Miscellaneous
 v - a sack of spiders
 X - a lightning rod (4/4)
Comestibles
 D - 22 rations


   Skills:
 + Level 10.3 Fighting
 + Level 9.3 Short Blades
 + Level 9.3 Long Blades
 + Level 9.3 Axes
 + Level 9.3 Maces & Flails
 + Level 10.3 Polearms
 + Level 9.3 Staves
 + Level 9.3 Slings
 + Level 9.3 Bows
 + Level 9.3 Crossbows
 + Level 9.3 Throwing
 + Level 9.6 Armour
 + Level 10.3 Dodging
 + Level 9.3 Stealth
 + Level 9.3 Shields
 + Level 9.3 Unarmed Combat
 + Level 10.5 Spellcasting
 + Level 7.7 Conjurations
 + Level 7.7 Hexes
 + Level 9.5 Charms
 + Level 7.7 Summonings
 + Level 7.7 Necromancy
 + Level 7.7 Translocations
 + Level 7.7 Transmutations
 + Level 7.7 Fire Magic
 + Level 7.7 Ice Magic
 + Level 7.7 Air Magic
 + Level 7.7 Earth Magic
 + Level 7.7 Poison Magic
 + Level 10.1 Invocations
 + Level 9.3 Evocations


You had 11 spell levels left.
You knew the following spells:

 Your Spells              Type           Power        Failure   Level  Hunger
b - Blink                 Tloc           N/A          1%          2    None
c - Conjure Flame         Conj/Fire      ######..     1%          3    None
e - Mephitic Cloud        Conj/Pois/Air  ######..     1%          3    None
g - Regeneration          Chrm/Necr      ######....   1%          3    None
i - Irradiate             Conj/Tmut      ######....   19%         5    ##.....
l - Song of Slaying       Chrm           ######..     1%          2    None
t - Shroud of Golubria    Chrm/Tloc      ######....   1%          2    None
x - Spectral Weapon       Hex/Chrm       ######..     1%          3    None


Dungeon Overview and Level Annotations

Branches:
Dungeon (12/15)            Temple (1/1) D:5            Lair (6/6) D:10
 Shoals (0/4) Lair:2        Slime (0/5) Lair:6          Orc (2/2) D:12
  Snake: Lair:2-4    Spider: Lair:2-4       Elf: Orc:2

Altars:
Ashenzari
Cheibriados
Dithmenos
Elyvilon
Gozag
Hepliaklqana
Makhleb
Nemelex Xobeh
Qazlal
Ru
Sif Muna
Vehumet
Wu Jian
The Shining One

Shops:
Orc:2 (*[*

Portals:
Hell: Lair:6

Annotations:
D:6 letownia2's ghost, novice GnSk


Innate Abilities, Weirdness & Mutations

Your experience applies equally to all skills.
You have very sharp teeth.
Your uncanny sense of smell can sniff out nearby items.
You are dopey. (Int -2)
You occasionally shout uncontrollably at your foes.


Message History

The rime drake misses you. The ice encasing you melts away.
The rime drake misses you. The rime drake breathes ice at you.
The flash freeze hits you!
* * * LOW HITPOINT WARNING * * *
You are encased in ice.
The rime drake barely misses you. The rime drake bites you.
The rime drake barely misses you. The rime drake misses you.
The ice encasing you melts away. The rime drake breathes ice at you.
The flash freeze misses you. The rime drake bites you.
The rime drake bites you. x2
* * * LOW HITPOINT WARNING * * *
Found a chunky metal-bound book.
The blink frog gives a loud, deep croak!
The rime drake breathes ice at you. The flash freeze hits you!
You die...

....#............P#
.....#............#
..####............#
#. ..............##
# #....(..F.......#
##..............#
...............#
...........k.##
.........@..#
.......P♣≈#
.......≈≈♣♣
.......≈P≈
:......P≈≈≈
##.#....≈≈P≈
###...≈≈♣≈##
.#..≈♣♣##


You could see a blink frog and a rime drake.

Vanquished Creatures
  A dire elephant (Lair:6)
  3 hydras
  Erica (D:8)
  5 two-headed ogres
  4 orc high priests (Orc:2)
  The ghost of letownia2 the Magician, a novice GnSk of Cheibriados (D:10)
  A sixfirhy (Lair:6)
  A wizard (Lair:6)
  Pikel (D:5)
  A deep elf mage (D:12)
  A lindwurm (Lair:3)
  10 orc knights
  3 orc sorcerers (Orc:2)
  2 manticores (D:12)
  An ugly thing (D:12)
  4 black mambas
  8 elephants (Lair:6)
  4 orange demons (Lair:6)
  A centaur skeleton (D:11)
  12 spiny frogs
  4 rime drakes (Lair:6)
  5 komodo dragons
  A hellwing (Lair:6)
  An ice devil (Lair:6)
  A polar bear (Lair:6)
  A red devil (Lair:6)
  Prince Ribbit (D:8)
  4 trolls
  5 hippogriffs
  25 blink frogs
  2 slime creatures
  A snapping turtle (Lair:2)
  7 dream sheep (Lair:2)
  23 yaks
  A basilisk (Lair:6)
  3 water elementals (D:12)
  5 vampire mosquitoes
  2 wargs (Orc:2)
  3 hell hounds (Lair:6)
  5 porcupines
  12 water moccasins
  2 ice beasts
  A sky beast (D:7)
  A slave (D:5)
  2 black bears
  A phantom (D:8)
  An eye of draining (D:8)
  34 orc warriors
  A centaur (D:8)
  A boggart (D:10)
  6 wolves (Lair:6)
  2 ogres
  14 crocodiles
  5 bullfrogs
  A wyvern skeleton (D:12)
  A scorpion (D:4)
  A wight (D:7)
  A howler monkey (D:4)
  2 electric eels
  2 crimson imps
  A bullfrog zombie (D:7)
  20 orc priests
  6 jellies
  A centaur zombie (D:10)
  3 iguanas
  27 orc wizards
  7 worker ants
  Ijyb (D:5)
  A hound zombie (D:10)
  6 adders
  3 gnolls (D:4)
  A shadow imp (D:12)
  5 oozes (D:12)
  An adder skeleton (D:4)
  3 worms
  2 dart slugs
  A leopard gecko (D:10)
  100 orcs
  2 giant cockroaches
  6 goblins
  2 hobgoblins
  2 bats
  2 frilled lizards
  A jackal zombie (D:5)
  2 kobolds (D:3)
  2 rats
  A bush (Lair:6)
  3 fungi
  2 plants
470 creatures vanquished.

Vanquished Creatures (collateral kills)
  An orc knight (Bailey)
  A blink frog (Lair:6)
  2 orcs (Bailey)
4 creatures vanquished.

Vanquished Creatures (others)
  A bush (Lair:6)
  14 fungi (Lair:6)
  11 plants (Lair:6)
  2 spectral weapons
28 creatures vanquished.

Grand Total: 502 creatures vanquished

Notes
Turn   | Place    | Note
-------+----------+-------------------------------------------
     0 | D:1      | letownia2 the Gnoll Skald began the quest for the Orb.
     0 | D:1      | Reached XP level 1. HP: 20/20 MP: 6/6
   111 | D:2      | Found an ornate altar of the Wu Jian Council.
   159 | D:2      | Found a deep blue altar of Sif Muna.
   264 | D:2      | Found a hazy altar of Hepliaklqana.
   284 | D:1      | Reached XP level 2. HP: 26/26 MP: 7/7
   326 | D:2      | Learned a level 2 spell: Shroud of Golubria
   329 | D:2      | Learned a level 2 spell: Blink
   547 | D:3      | Reached XP level 3. HP: 24/31 MP: 7/9
   554 | D:3      | Reached skill level 5 in Spellcasting
   557 | D:3      | Reached skill level 1 in Invocations
   568 | D:3      | Learned a level 3 spell: Mephitic Cloud
   573 | D:3      | Learned a level 3 spell: Spectral Weapon
   664 | D:4      | Reached skill level 1 in Short Blades
   664 | D:4      | Reached skill level 1 in Long Blades
   664 | D:4      | Reached skill level 1 in Axes
   664 | D:4      | Reached skill level 1 in Maces & Flails
   664 | D:4      | Reached skill level 1 in Staves
   664 | D:4      | Reached skill level 1 in Slings
   664 | D:4      | Reached skill level 1 in Bows
   664 | D:4      | Reached skill level 1 in Crossbows
   664 | D:4      | Reached skill level 1 in Throwing
   664 | D:4      | Reached skill level 1 in Stealth
   664 | D:4      | Reached skill level 1 in Shields
   664 | D:4      | Reached skill level 1 in Unarmed Combat
   664 | D:4      | Reached skill level 1 in Evocations
   664 | D:4      | Reached XP level 4. HP: 26/38 MP: 6/11
   668 | D:4      | Learned a level 2 spell: Song of Slaying
   687 | D:4      | Reached skill level 1 in Conjurations
   687 | D:4      | Reached skill level 1 in Hexes
   687 | D:4      | Reached skill level 1 in Summonings
   687 | D:4      | Reached skill level 1 in Necromancy
   687 | D:4      | Reached skill level 1 in Translocations
   687 | D:4      | Reached skill level 1 in Transmutations
   687 | D:4      | Reached skill level 1 in Fire Magic
   687 | D:4      | Reached skill level 1 in Ice Magic
   687 | D:4      | Reached skill level 1 in Air Magic
   687 | D:4      | Reached skill level 1 in Earth Magic
   687 | D:4      | Reached skill level 1 in Poison Magic
   687 | D:4      | Reached XP level 5. HP: 23/43 MP: 4/12
   919 | D:4      | Reached XP level 6. HP: 19/50 MP: 6/13
  1119 | D:4      | Found an opulent altar of Gozag.
  1120 | D:4      | Found a stormy altar of Qazlal.
  1168 | D:5      | Entered Level 5 of the Dungeon
  1175 | D:5      | Reached skill level 5 in Fighting
  1175 | D:5      | Reached skill level 5 in Polearms
  1175 | D:5      | Reached skill level 5 in Dodging
  1207 | D:5      | Found a staircase to the Ecumenical Temple.
  1241 | D:5      | Noticed Ijyb
  1272 | Temple   | Entered the Ecumenical Temple
  1304 | Temple   | Became a worshipper of Cheibriados the Contemplative
  1534 | D:6      | Noticed letownia2's ghost (novice GnSk)
  1574 | D:5      | Noticed Pikel
  1574 | D:5      | Noticed a slave
  1574 | D:5      | Noticed a slave
  1574 | D:5      | Noticed a slave
  1575 | D:5      | Noticed a slave
  1619 | D:5      | Killed Pikel
  1619 | D:5      | Reached XP level 7. HP: 19/56 MP: 10/15
  1619 | D:5      | Reached XP level 8. HP: 21/63 MP: 10/16
  1631 | D:5      | Learned a level 3 spell: Regeneration
  1727 | D:5      | Killed Ijyb
  1911 | D:7      | Learned a level 3 spell: Conjure Flame
  1998 | D:8      | Noticed Prince Ribbit
  2009 | D:8      | Killed Prince Ribbit
  2031 | D:8      | Reached * piety under Cheibriados
  2050 | D:8      | Found a radiant altar of Vehumet.
  2060 | D:8      | Noticed a two-headed ogre
  2070 | D:8      | Killed a two-headed ogre
  2070 | D:8      | Reached XP level 9. HP: 35/69 MP: 12/18
  2155 | D:8      | Noticed a two-headed ogre
  2183 | D:8      | Reached skill level 5 in Armour
  2188 | D:8      | Killed a two-headed ogre
  2188 | D:8      | Reached skill level 5 in Invocations
  2196 | D:8      | Got a dazzling hand axe
  2197 | D:8      | Identified the cursed +1 hand axe of Bibruphi {antimagic, rElec Dex+5} (You found it on level 8 of the Dungeon)
  2365 | D:8      | Noticed Erica
  2383 | D:8      | Killed Erica
  2383 | D:8      | Reached XP level 10. HP: 59/77 MP: 4/20
  2487 | D:10     | Entered Level 10 of the Dungeon
  2530 | D:10     | Reached skill level 5 in Short Blades
  2530 | D:10     | Reached skill level 5 in Long Blades
  2530 | D:10     | Reached skill level 5 in Axes
  2530 | D:10     | Reached skill level 5 in Maces & Flails
  2530 | D:10     | Reached skill level 5 in Staves
  2530 | D:10     | Reached skill level 5 in Slings
  2530 | D:10     | Reached skill level 5 in Bows
  2530 | D:10     | Reached skill level 5 in Crossbows
  2530 | D:10     | Reached skill level 5 in Throwing
  2530 | D:10     | Reached skill level 5 in Stealth
  2530 | D:10     | Reached skill level 5 in Shields
  2530 | D:10     | Reached skill level 5 in Unarmed Combat
  2530 | D:10     | Reached skill level 5 in Evocations
  2626 | D:10     | Noticed letownia2's ghost (novice GnSk)
  2629 | D:10     | Reached ** piety under Cheibriados
  2657 | D:10     | Killed letownia2's ghost
  2660 | D:10     | Noticed a two-headed ogre
  2669 | D:10     | Killed a two-headed ogre
  2693 | D:10     | Identified the Incunabulum of Summoning
  2855 | D:10     | Noticed a two-headed ogre
  2857 | D:10     | Reached XP level 11. HP: 84/84 MP: 19/22
  2921 | D:10     | Found a staircase to the Lair.
  3150 | D:12     | Reached *** piety under Cheibriados
  3218 | D:12     | Noticed a manticore
  3223 | D:12     | Killed a manticore
  3316 | D:12     | Reached skill level 5 in Conjurations
  3316 | D:12     | Reached skill level 5 in Hexes
  3316 | D:12     | Reached skill level 5 in Summonings
  3316 | D:12     | Reached skill level 5 in Necromancy
  3316 | D:12     | Reached skill level 5 in Translocations
  3316 | D:12     | Reached skill level 5 in Transmutations
  3316 | D:12     | Reached skill level 5 in Fire Magic
  3316 | D:12     | Reached skill level 5 in Ice Magic
  3316 | D:12     | Reached skill level 5 in Air Magic
  3316 | D:12     | Reached skill level 5 in Earth Magic
  3316 | D:12     | Reached skill level 5 in Poison Magic
  3330 | D:12     | Noticed a deep elf mage
  3341 | D:12     | Killed a deep elf mage
  3355 | D:12     | Found a flagged portal.
  3362 | D:12     | Got a faintly humming ring mail
  3363 | D:12     | Noticed a manticore
  3372 | D:12     | Killed a manticore
  3383 | D:12     | Identified the +5 ring mail of the Dungeon {rC+ Int+4} (You found it on level 12 of the Dungeon)
  3390 | Bailey   | Entered a bailey
  3410 | Bailey   | Reached **** piety under Cheibriados
  3494 | Bailey   | Noticed an orc knight
  3495 | Bailey   | Noticed an orc knight
  3517 | Bailey   | Killed an orc knight
  3527 | Bailey   | Killed an orc knight
  3624 | Bailey   | Noticed an orc knight
  3646 | Bailey   | Killed an orc knight
  3647 | Bailey   | Noticed an orc knight
  3660 | Bailey   | Killed an orc knight
  3693 | Bailey   | Identified a scroll of acquirement
  3781 | D:12     | Noticed a cyan ugly thing
  3789 | D:12     | Noticed an orc knight
  3810 | D:12     | Reached ***** piety under Cheibriados
  3810 | D:12     | Killed an orc knight
  3827 | D:12     | Killed a cyan ugly thing
  3898 | D:12     | Reached XP level 12. HP: 91/93 MP: 9/24
  3914 | D:12     | Found a staircase to the Orcish Mines.
  3947 | Orc:1    | Entered Level 1 of the Orcish Mines
  3976 | Orc:1    | Noticed a two-headed ogre
  3981 | Orc:1    | Killed a two-headed ogre
  4151 | Orc:2    | Entered Level 2 of the Orcish Mines
  4173 | Orc:2    | Noticed an orc high priest
  4182 | Orc:2    | Gained mutation: You occasionally shout uncontrollably at your foes. [a neqoxec]
  4184 | Orc:2    | Gained mutation: You are dopey. (Int -2) [a neqoxec]
  4187 | Orc:2    | Killed an orc high priest
  4188 | Orc:2    | Noticed a two-headed ogre
  4191 | Orc:1    | Reached ****** piety under Cheibriados
  4298 | Orc:2    | Killed a two-headed ogre
  4422 | Orc:2    | Noticed an orc high priest
  4429 | Orc:2    | Noticed an orc high priest
  4430 | Orc:2    | Killed an orc high priest
  4433 | Orc:2    | Noticed an orc high priest
  4434 | Orc:2    | Killed an orc high priest
  4446 | Orc:2    | Killed an orc high priest
  4446 | Orc:2    | Reached XP level 13. HP: 32/101 MP: 2/26
  4531 | Orc:2    | Found Kayqol's Antique Weapon Shoppe.
  4531 | Orc:2    | Found Recacara's General Store.
  4534 | Orc:2    | Found Gaodgh's General Store.
  4534 | Orc:2    | Found Nisich's Antique Armour Shoppe.
  4551 | Orc:2    | Bought a scroll of blinking for 105 gold pieces
  4830 | D:11     | You fall through a shaft!
  4959 | Lair:1   | Entered Level 1 of the Lair of Beasts
  5276 | Lair:3   | Learned a level 5 spell: Irradiate
  5416 | Lair:2   | Found a staircase to the Shoals.
  5854 | Lair:3   | HP: 2/101 [spiny frog (13)]
  6000 | Lair:6   | Entered Level 6 of the Lair of Beasts
  6007 | Lair:6   | Reached skill level 10 in Spellcasting
  6017 | Lair:6   | Reached XP level 14. HP: 54/109 MP: 4/28
  6125 | Lair:6   | Reached skill level 10 in Fighting
  6125 | Lair:6   | Reached skill level 10 in Polearms
  6125 | Lair:6   | Reached skill level 10 in Dodging
  6372 | Lair:6   | Found a burning altar of Makhleb.
  6379 | Lair:6   | Found a gateway to Hell.
  6453 | Lair:6   | Noticed a dire elephant
  6467 | Lair:6   | Killed a dire elephant
  6512 | Lair:6   | Reached skill level 10 in Invocations
  6740 | Lair:6   | Found a staircase to the Slime Pits.
  6846 | Lair:6   | Killed from afar by a rime drake

Skill      XL: |  1  2  3  4  5  6  7  8  9 10 11 12 13 14 |
---------------+-------------------------------------------+-----
Spellcasting   | 5 6 7 8 9 10 | 10.5
Invocations    | 1 3 4 5 6 7 8 9 10 | 10.1
Short Blades   | 1 2 4 5 6 7 8 9 |  9.3
Long Blades    | 1 2 4 5 6 7 8 9 |  9.3
Axes           | 1 2 4 5 6 7 8 9 |  9.3
Maces & Flails | 1 2 4 5 6 7 8 9 |  9.3
Staves         | 1 2 4 5 6 7 8 9 |  9.3
Slings         | 1 2 4 5 6 7 8 9 |  9.3
Bows           | 1 2 4 5 6 7 8 9 |  9.3
Crossbows      | 1 2 4 5 6 7 8 9 |  9.3
Throwing       | 1 2 4 5 6 7 8 9 |  9.3
Stealth        | 1 2 4 5 6 7 8 9 |  9.3
Shields        | 1 2 4 5 6 7 8 9 |  9.3
Unarmed Combat | 1 2 4 5 6 7 8 9 |  9.3
Evocations     | 1 2 4 5 6 7 8 9 |  9.3
Conjurations   | 1 2 3 4 5 6 7 |  7.7
Hexes          | 1 2 3 4 5 6 7 |  7.7
Summonings     | 1 2 3 4 5 6 7 |  7.7
Necromancy     | 1 2 3 4 5 6 7 |  7.7
Translocations | 1 2 3 4 5 6 7 |  7.7
Transmutations | 1 2 3 4 5 6 7 |  7.7
Fire Magic     | 1 2 3 4 5 6 7 |  7.7
Ice Magic      | 1 2 3 4 5 6 7 |  7.7
Air Magic      | 1 2 3 4 5 6 7 |  7.7
Earth Magic    | 1 2 3 4 5 6 7 |  7.7
Poison Magic   | 1 2 3 4 5 6 7 |  7.7
Armour         | 3 4 5 6 7 8 9 |  9.6
Fighting       | 5 6 7 8 9 10 | 10.3
Polearms       | 5 6 7 8 9 10 | 10.3
Dodging        | 5 6 7 8 9 10 | 10.3
Charms         | 6 7 8 9 |  9.5

Action                   |  1- 3 |  4- 6 |  7- 9 | 10-12 | 13-15 || total
-------------------------+-------+-------+-------+-------+-------++-------
Melee: Spear             |    94 |   117 |    57 |       |       ||   268
       Bite              |     7 |    12 |    17 |    71 |   113 ||   220
       Punch             |       |     1 |     1 |    17 |    40 ||    59
       Whip              |       |       |    42 |       |       ||    42
       Dagger            |       |       |    18 |       |       ||    18
       Hand axe          |       |       |    42 |    13 |       ||    55
       Scimitar          |       |       |       |   314 |     8 ||   322
       War axe           |       |       |       |       |   481 ||   481
       Unarmed           |       |       |       |       |     4 ||     4
 Fire: Shortbow          |       |       |       |    21 |     5 ||    26
Throw: Tomahawk          |       |     1 |    16 |    18 |       ||    35
       Javelin           |       |       |       |    18 |     3 ||    21
 Cast: Infusion          |     2 |       |       |       |       ||     2
       Shroud of Golubri |     3 |    12 |    16 |    22 |    30 ||    83
       Spectral Weapon   |     1 |     8 |     6 |    19 |     4 ||    38
       Song of Slaying   |       |     2 |       |    12 |     4 ||    18
       Mephitic Cloud    |       |     1 |     5 |    17 |     8 ||    31
       Regeneration      |       |       |     7 |    23 |    28 ||    58
       Conjure Flame     |       |       |     1 |    13 |    15 ||    29
       Blink             |       |       |       |     2 |     3 ||     5
Evoke: Wand              |       |       |     9 |    12 |    13 ||    34
       Sack of spiders   |       |       |       |     3 |     1 ||     4
       Lightning rod     |       |       |       |       |     4 ||     4
  Use: Scroll            |     1 |       |     2 |    10 |    12 ||    25
       Potion            |       |       |       |     1 |     2 ||     3
 Stab: Distracted        |     1 |     1 |     1 |     1 |       ||     4
       Confused          |       |     7 |     3 |    17 |    13 ||    40
       Paralysed         |       |       |     4 |       |       ||     4
       Sleeping          |       |       |     1 |     2 |       ||     3
  Eat: Chunk             |       |     2 |     5 |     4 |     7 ||    18
Armor: Leather armour    |    15 |     8 |    23 |     3 |       ||    49
       Ring mail         |       |       |       |   111 |     2 ||   113
       Plate armour      |       |       |       |       |   245 ||   245
Dodge: Dodged            |    43 |    52 |    82 |   462 |   479 ||  1118
       Rpst.: Scimitar   |       |       |       |   100 |     1 ||   101
